 Dungeon Crawl Stone Soup version 0.30-a0-42-g806c11bf1d (webtiles) character file.

Game seed: 7612149338888839206

594 Nattfarinn the Magician (level 7, -1/45 HPs)
             Began as a Djinni Venom Mage on Aug 30, 2022.
             Slain by an adder (4 damage)
             ... on level 4 of the Dungeon.
             The game lasted 00:06:42 (5444 turns).

Nattfarinn the Magician (Djinni Venom Mage)         Turns: 5444, Time: 00:06:42

Health: -1/45      AC:  2    Str: 11    XL:     7   Next: 67%
Gold:   196        EV: 12    Int: 17    God:
                   SH:  0    Dex: 13

rFire   + + .      SeeInvis .    j - +6 rapier of Beogh, Summoning {vorpal, *Slow rElec rCorr Str+2}
rCold   x . .      Faith    .    (no shield)
rNeg    . . .      Spirit   .    a - +0 robe
rPois   ∞          Reflect  .    (no helmet)
rElec   +          Harm     .    (no cloak)
rCorr   +          Rampage  .    (no gloves)
Will    .....                    (boots unavailable)
Stlth   ++........               (no amulet)
HPRegen 0.15/turn                (no ring)
MPRegen 0.00/turn                (no ring)

@: flying
A: sickness immunity, fire resistance 2, cold vulnerability 1, float, innate
caster, HP casting, extra vitality 1
a: no special abilities


You were on level 4 of the Dungeon.
You visited 1 branch of the dungeon, and saw 5 of its levels.

You collected 196 gold pieces.

Inventory:

Hand Weapons
 j - the +6 rapier of Beogh, Summoning (weapon) {vorpal, *Slow rElec rCorr Str+2}
   (You found it on level 3 of the Dungeon)

   It inflicts extra damage upon your enemies.
   Str:       It affects your strength (+2).
   rElec:     It insulates you from electricity.
   rCorr:     It protects you from acid and corrosion.
   *Slow:     It may slow you when you take damage.
Armour
 a - a +0 robe (worn)
Wands
 p - a wand of flame (18)
Scrolls
 f - 4 scrolls of identify {unknown}
 g - a scroll of summoning {unknown}
 h - 2 scrolls of teleportation {unknown}
 k - 3 scrolls of brand weapon {unknown}
 n - a scroll of fear {unknown}
 o - a scroll of poison {unknown}
 s - a scroll of noise {unknown}
 t - a scroll of fog {unknown}
Potions
 b - a potion of haste {unknown}
 c - a potion of invisibility {unknown}
 d - 2 potions of brilliance {unknown}
 e - a potion of curing {unknown}
 i - a potion of heal wounds {unknown}
 l - a potion of might {unknown}
 m - a potion of berserk rage {unknown}
 q - a potion of cancellation {unknown}
 r - a potion of flight {unknown}


   Skills:
 - Level 2.1 Dodging
 - Level 1.5 Stealth
 + Level 6.4 Spellcasting


You had 3 spell levels left.
You knew the following spells:

 Your Spells              Type           Power      Damage    Failure   Level
a - Sting                 Tmut/Pois      100%       1d8       1%          1
b - Poisonous Vapours     Pois/Air       54%        N/A       1%          2
c - Mephitic Cloud        Conj/Pois/Air  27%        N/A       2%          3
d - Olgreb's Toxic Radia  Pois           27%        N/A       9%          4
e - Slow                  Hex            100%       N/A       1%          1
f - Static Discharge      Conj/Air       54%        3-7/arc   1%          2
g - Ensorcelled Hibernat  Hex/Ice        54%        N/A       1%          2
Your spell library was empty.

Dungeon Overview and Level Annotations

Branches:
Dungeon (5/15)
 Temple: D:4-7

Altars:
Dithmenos
Elyvilon
Ru


Innate Abilities, Weirdness & Mutations

You are immune to sickness and miasma.
You are immune to poison.
Your flesh is very heat resistant. (rF++)
You are vulnerable to cold. (rC-)
You float through the air rather than walking.
You learn spells naturally, not from books.
Your magical power is your life essence.
You have superior vitality. (+4 MHP)


Message History

The black bear struggles to resist.
The adder bites you.
The black bear bites you but does no damage.
The black bear claws you. The black bear barely misses you.
Casting: Slow (safe; 1% risk of failure)
Confirm with . or Enter, or press ? or * to list all spells.
Aiming: Slow (safe; 1% risk of failure)
Press: ? - help, Shift-Dir - straight line, f/p - black bear
Aim: a black bear (moderately wounded, very poisoned, chance to affect: 64%)
The black bear seems to slow down.
The adder bites you. The adder barely misses you.
The orc priest looks satisfied for a moment.
The adder barely misses you.
The orc priest mumbles some strange prayers to Beogh against you.
Beogh smites you!
* * * LOW HITPOINT WARNING * * *
You see here a +0 leather armour.
The adder attacks as you move away!
The adder bites you but does no damage. x2
Casting: Slow (safe; 1% risk of failure)
Confirm with . or Enter, or press ? or * to list all spells.
Aiming: Slow (safe; 1% risk of failure)
Press: ? - help, Shift-Dir - straight line, f - adder
Aim: an adder (chance to affect: 72%)
The adder struggles to resist.
* * * LOW HITPOINT WARNING * * *
The adder barely misses you.
Okay, then.
Okay, then.
Casting: Slow (safe; 1% risk of failure)
Confirm with . or Enter, or press ? or * to list all spells.
Aiming: Slow (safe; 1% risk of failure)
Press: ? - help, Shift-Dir - straight line, f/p - adder
Aim: an adder (chance to affect: 72%)
The adder seems to slow down.
* * * LOW HITPOINT WARNING * * *
The adder barely misses you.
There is a stone staircase leading up here.
You fly upwards.
There is a stone staircase leading down here.
You barely miss the adder. The adder closely misses you. The adder bites you.
You die...

################
.[.............#
##############.#
#.# #.# ###### #.#
.....#########.###
...............S@#
..........####.#.#
..........+....#.#
......^[..######.#
.)........+......#
).........######.#
..)(.)....# ##.#
..........# #..#
..........# ###.##


You could see an adder (slow).

Vanquished Creatures
  A water moccasin (D:4)
  A black bear (D:4)
  A phantom (D:4)
  2 scorpions
  A hound (D:5)
  An orc wizard (D:3)
  6 adders
  3 dart slugs
  7 orcs
  6 endoplasms
  6 giant cockroaches
  9 hobgoblins
  5 jackals
  8 kobolds
  5 quokkas
  7 ball pythons
  3 bats
  5 frilled lizards
  10 goblins
  2 rats (D:3)
89 creatures vanquished.

Notes
Turn   | Place    | Note
-------+----------+-------------------------------------------
     0 | D:1      | Nattfarinn the Djinni Venom Mage began the quest for the
                  | Orb.
     0 | D:1      | Nattfarinn set off with the following spells memorised:
                  | Sting, Poisonous Vapours, Mephitic Cloud, Olgreb's Toxic
                  | Radiance.
     0 | D:1      | Reached XP level 1. HP: 15/15 MP: 0/0
   377 | D:1      | Reached XP level 2. HP: 10/21 MP: 0/0
   817 | D:1      | Reached skill level 3 in Spellcasting
  1073 | D:1      | Reached XP level 3. HP: 24/25 MP: 0/0
  1073 | D:1      | Learned a level 1 spell: Slow
  2381 | D:2      | Reached XP level 4. HP: 30/31 MP: 0/0
  3050 | D:3      | Identified the +6 rapier of Beogh, Summoning {vorpal, *Slow
                  | rElec rCorr Str+2}
  3254 | D:3      | Found a sacrificial altar of Ru.
  3262 | D:3      | Reached skill level 4 in Spellcasting
  3267 | D:3      | Reached XP level 5. HP: 29/35 MP: 0/0
  3267 | D:3      | Learned a level 2 spell: Static Discharge
  3658 | D:3      | Found a faded altar of an unknown god.
  4066 | D:4      | Noticed a black bear
  4083 | D:4      | Killed a black bear
  4084 | D:4      | Reached skill level 5 in Spellcasting
  4084 | D:4      | Reached XP level 6. HP: 21/40 MP: 0/0
  4247 | D:4      | Noticed a water moccasin
  4256 | D:4      | Killed a water moccasin
  4571 | D:4      | Reached XP level 7. HP: 22/45 MP: 0/0
  4571 | D:4      | Learned a level 2 spell: Ensorcelled Hibernation
  5017 | D:4      | Reached skill level 6 in Spellcasting
  5195 | D:5      | Entered Level 5 of the Dungeon
  5345 | D:5      | Found a white marble altar of Elyvilon.
  5348 | D:5      | Found a shadowy altar of Dithmenos.
  5431 | D:5      | HP: 2/45 [orc priest/divine providence (13)]
  5444 | D:4      | Slain by an adder

Illustrated notes

Levels and vault maps discovered:
D:1:      nagdon_arrival_double_spiral, layout_basic, serial_curves,
          eino_curves_02, eino_curves_04, eino_curves_02
D:2:      layout_loops_corners, kennysheep_generic_room_14
D:3:      layout_rooms, nicolae_ru_great_annihilating_truth,
          hellmonk_ecumenical_altar_crossroads, wad_woods_river_04
D:4:      layout_basic, vehumet_altar_wand_db
D:5:      layout_rooms, lemuel_crystal_altar, nicolae_dithmenos_the_darkroom,
          minitemple, serial_shops, nicolae_shop_crystal

Skill      XL: |  1  2  3  4  5  6  7 |
---------------+----------------------+-----
Spellcasting   | 3 4 5 6 |  6.4
Dodging        | |  2.1
Stealth        | |  1.5

Action                   |  1- 3 |  4- 6 |  7- 9 || total
-------------------------+-------+-------+-------++-------
Melee: Unarmed           |     2 |       |       ||     2
       Rapier            |       |    21 |     1 ||    22
 Cast: Sting             |    71 |    58 |    26 ||   155
       Poisonous Vapours |       |     3 |       ||     3
       Mephitic Cloud    |       |     2 |       ||     2
       Olgreb's Toxic Ra |       |     2 |     1 ||     3
       Static Discharge  |       |     4 |       ||     4
       Slow              |       |       |     4 ||     4
Armor: Robe              |     8 |     7 |     4 ||    19
Dodge: Dodged            |    23 |    31 |    15 ||    69

Table legend: (Time is in decaauts)
 A = Elapsed time spent in this place.
 B = Non-inter-level travel time spent in this place.
 C = Inter-level travel time spent in this place.
 D = Time resting spent in this place.
 E = Time spent auto-exploring this place.
 F = Levels seen in this place.
 G = Mean time per level.
                   A        B        C        D        E       F      G
               +--------+--------+--------+--------+--------+-----+--------+
         Total |   5447 |   5366 |     81 |    247 |   4645 |   5 | 1089.4 |
       Dungeon |   5447 |   5366 |     81 |    247 |   4645 |   5 | 1089.4 |
               +--------+--------+--------+--------+--------+-----+--------+

Top non-repeatable levels by time:
     D:1: 1647 daAuts
     D:2: 1395 daAuts
     D:4: 1309 daAuts
     D:3: 847 daAuts
     D:5: 247 daAuts
